 Dungeon Crawl Stone Soup version 0.32-a0-933-ga8fa3634e4 (webtiles) character file.

Game seed: 11359750465024930803

1460 horus123 the Disciple (level 8, -1/58 HPs)
             Began as a Demonspawn Fighter on Apr 14, 2024.
             Was an Initiate of Sif Muna.
             Slain by a shadow (23 damage)
             ... on level 6 of the Dungeon.
             The game lasted 00:07:57 (3989 turns).

horus123 the Disciple (Demonspawn Fighter)          Turns: 3989, Time: 00:07:57

Health: -1/58      AC:  8    Str: 18    XL:     8   Next: 48%
Magic:  13/13      EV: 13    Int:  9    God:    Sif Muna [......]
Gold:   194        SH:  4    Dex: 13    Spells: 6/7 levels left

rFire   . . .        a - +0 trident
rCold   . . .        c - +0 buckler
rNeg    + . .        b - +0 scale mail
rPois   .            (helmet restricted)
rElec   .            (no cloak)
rCorr   .            (no gloves)
SInv    .            (no boots)
Will    .....        p - amulet of the Final Decision {Acrobat +Blink rN+ Slay+2} Stlth
                     k - ring of wizardry
HPRegen 0.29/turn    j - +5 ring of evasion
MPRegen 0.13/turn

%: acrobat, wizardry (x1)
@: lethally poisoned (-1 -> -8), wreathed by umbra, invisible
A: horns 2, yellow scales 1, foul shadow 1
a: Renounce Religion, Evoke Blink


You were on level 6 of the Dungeon.
You worshipped Sif Muna.
Sif Muna was noncommittal.
You visited 2 branches of the dungeon, and saw 7 of its levels.

You collected 194 gold pieces.

Inventory:

Hand Weapons
 a - a +0 trident (weapon)
Missiles
 q - a throwing net (quivered)
Armour
 b - a +0 scale mail (worn)
 c - a +0 buckler (worn)
Jewellery
 j - a +5 ring of evasion (right hand)
 k - a ring of wizardry (left hand)
 p - the amulet of the Final Decision (around neck) {Acrobat +Blink rN+ Slay+2}
   (You found it on level 2 of the Dungeon)

   [amulet of the acrobat]

   Acrobat:   It increases your evasion while moving and waiting.
   Slay+2:    It affects your accuracy & damage with ranged weapons and melee
   (+2).
   rN+:       It protects you from negative energy.
   +Blink:    It lets you blink.
 t - a ring of ice
Wands
 A - a wand of flame (9)
 B - a wand of charming (10)
Scrolls
 f - a scroll of enchant weapon {unknown}
 g - 2 scrolls of teleportation {unknown}
 h - a scroll of immolation {unknown}
 i - 2 scrolls of revelation {unknown}
 m - 5 scrolls of identify {unknown}
 n - a scroll of fog {unknown}
 r - 2 scrolls of enchant armour {unknown}
 v - 4 scrolls of noise {unknown}
 w - a scroll of amnesia {unknown}
 y - a scroll of torment {unknown}
Potions
 d - 2 potions of might
 e - a potion of lignification {unknown}
 l - a potion of ambrosia
 o - a potion of enlightenment {unknown}
 z - a potion of resistance {unknown}


   Skills:
 - Level 3.0 Fighting
 - Level 5.0 Polearms
 - Level 2.6 Armour
 - Level 2.6 Shields
 - Level 0.3 Spellcasting
 + Level 7.4 Invocations
 - Level 7.0 Evocations


You had 6 spell levels left.
You knew the following spells:

 Your Spells              Type           Power      Damage    Failure   Level
a - Sandblast             Erth           0%         2d4       52%         1

Your spell library contained the following spells:

 Spells                   Type           Power      Damage    Failure   Level
 Jinxbite                 Hex            0%         N/A       65%         2
 Inner Flame              Hex/Fire       0%         N/A       86%         3
 Stone Arrow              Conj/Erth      0%         3d7       86%         3
 Brom's Barrelling Bould  Conj/Erth      0%         2d3       99%         4
 Irradiate                Conj/Alch      0%         3d11      100%        5
 Summon Forest            Summ/Tloc      0%         N/A       100%        5
 Summon Mana Viper        Hex/Summ       0%         N/A       100%        5
 Yara's Violent Unravell  Hex/Alch       0%         3d3       100%        5
 Summon Cactus Giant      Summ           0%         N/A       100%        6
 Enfeeble                 Hex            0%         N/A       100%        7
 Ignition                 Fire           0%         3d3       100%        8


Dungeon Overview and Level Annotations

Branches:
Dungeon (6/15)             Temple (1/1) D:5

Altars:
Cheibriados
Dithmenos
Fedhas
Gozag
Hepliaklqana
Kikubaaqudgha
Makhleb
Nemelex Xobeh
Qazlal
Sif Muna
Trog
Uskayaw
Vehumet
Wu Jian
Xom
Yredelemnul


Innate Abilities, Weirdness & Mutations

You have a pair of horns on your head.
You are partially covered in yellow scales. (AC +2)
You are faintly shadowed, very rarely releasing foul flame when damaged in melee.


Message History

The kobold brigand is severely wounded.
You feel very sick. Something hits you but does no damage.
The kobold brigand throws a poisoned dart.
The poisoned dart hits you!
You are more poisoned.
Something you can't see is in the way.
You hit something. Your headbutt misses something.
You feel very sick.
You hear some strange, mumbled words.
Something tries to affect you, but you resist.
The gnoll sergeant hits you from afar with a +0 spear.
Something hits you.
Unknown command.
It was a potion of ambrosia.
You are confused.
You feel invigorated.
You feel very sick.
The gnoll sergeant hits you from afar with a +0 spear!
* * * LOW HITPOINT WARNING * * *
Something hits you but does no damage.
It was a potion of invisibility.
You fade into invisibility!
You feel sick.
The gnoll sergeant hits you from afar with a +0 spear.
* * * LOW HITPOINT WARNING * * *
Something hits you.
* * * LOW HITPOINT WARNING * * *
Something is seared by the foul flame within you!
It was a potion of curing.
You feel better.
You feel less invigorated.
Reactivating autopickup.
You feel a bit more experienced. The gnoll sergeant misses you.
The kobold brigand throws a poisoned dart.
The poisoned dart hits you!
You are poisoned.
It was a potion of magic.
Magic courses through your body.
You feel very sick.
The gnoll sergeant completely misses you.
The shadow strikes at you from the darkness!
You die...

..............#.......+
..............#.......#
..............#.......#
......).......#.......#
#####)##.####.#.......###+##
# #.##.####.##+#.........# #
..#.....#....#.........# #
...#.....'....#g........+ #
....+.....#...@{K........#
##...###...#######.........#
##... ##+## #####.....# ...
#))...# ... #.....# ...
......+ ### #....g# ..>.....
.........


You could see a kobold brigand (unable to see you) and a gnoll sergeant (unable
to see you).

Vanquished Creatures
  A water moccasin (D:6)
  A sky beast (D:6)
  A centaur (D:6)
  A bullfrog (D:6)
  3 scorpions (D:5)
  9 wights
  3 orc priests
  A gnoll bouda (D:5)
  A sleepcap (D:5)
  Ijyb (D:5)
  2 iguanas (D:5)
  8 gnolls
  5 adders
  2 ufetubi (D:5)
  2 dart slugs
  A ribbon worm (D:2)
  7 orcs
  8 ball pythons
  7 bats
  7 endoplasms
  5 giant cockroaches
  10 goblins
  7 hobgoblins
  7 jackals (D:2)
  2 quokkas
  3 frilled lizards (D:1)
  7 kobolds
  7 rats
119 creatures vanquished.

Vanquished Creatures (others)
  An orc wizard (D:6)
1 creature vanquished.

Grand Total: 120 creatures vanquished

Notes
Turn   | Place    | Note
-------+----------+-------------------------------------------
     0 | D:1      | horus123 the Demonspawn Fighter began the quest for the
                  | Orb.
     0 | D:1      | Reached XP level 1. HP: 18/18 MP: 1/1
   142 | D:1      | Gained mutation: You have a pair of small horns on your
                  | head. [demonic ancestry]
   142 | D:1      | Reached XP level 2. HP: 17/24 MP: 2/2
   341 | D:1      | Gained mutation: You are faintly shadowed, very rarely
                  | releasing foul flame when damaged in melee. [demonic
                  | ancestry]
   341 | D:1      | Reached XP level 3. HP: 14/29 MP: 3/3
   892 | D:2      | Learned a level 1 spell: Sandblast
  1130 | D:2      | Identified the amulet of the Final Decision {Acrobat +Blink
                  | rN+ Slay+2}
  1277 | D:2      | Gained mutation: You have a pair of horns on your head.
                  | [demonic ancestry]
  1277 | D:2      | Reached XP level 4. HP: 35/35 MP: 4/4
  1719 | D:3      | Gained mutation: You are partially covered in yellow
                  | scales. (AC +2) [demonic ancestry]
  1719 | D:3      | Reached XP level 5. HP: 41/41 MP: 5/5
  1722 | D:3      | Reached skill level 5 in Polearms
  1927 | D:3      | Found an ornate altar of the Wu Jian Council.
  2004 | D:4      | Reached skill level 1 in Evocations
  2226 | D:4      | Reached XP level 6. HP: 17/46 MP: 6/6
  2753 | D:5      | Entered Level 5 of the Dungeon
  2794 | D:5      | Reached skill level 5 in Evocations
  2799 | D:5      | Reached XP level 7. HP: 46/52 MP: 7/7
  2958 | D:5      | Noticed Ijyb
  2967 | D:5      | Killed Ijyb
  3417 | D:5      | Found a staircase to the Ecumenical Temple.
  3466 | Temple   | Entered the Ecumenical Temple
  3486 | Temple   | Became a worshipper of Sif Muna the Loreminder
  3641 | D:6      | Reached XP level 8. HP: 20/58 MP: 8/10
  3847 | D:6      | Reached skill level 5 in Invocations
  3989 | D:6      | Slain by a shadow

Illustrated notes

Levels and vault maps discovered:
D:1:      dpeg_arrival_more_subterranean_lakeside_camping, layout_basic
D:2:      layout_loops_ring
D:3:      layout_rooms, mainiacjoe_overflow_alcove_1,
          nicolae_overflow_hidden_temple
D:4:      cheibrodos_greedy_goblins, layout_rooms, solitary_fountain
D:5:      layout_layer_cave, temple_doors_e, hex_large, uniq_ijyb
D:6:      cheibrodos_fzero, layout_gridville, nicolae_ashenzari_skybound,
          serial_shops, shop, shop, shop_fountains
Temple:   nicolae_temple_bog_church

Skill      XL: |  1  2  3  4  5  6  7  8 |
---------------+-------------------------+-----
Polearms       | 2 3 4 5 |  5.0
Evocations     | 3 5 7 |  7.0
Invocations    | 3 7 |  7.4
Fighting       | |  3.0
Armour         | |  2.6
Shields        | |  2.6
Spellcasting   | |  0.3

Action                     |  1- 3 |  4- 6 |  7- 9 || total
---------------------------+-------+-------+-------++-------
  Melee: Trident           |   142 |   133 |   120 ||   395
         Headbutt          |    15 |    17 |    20 ||    52
    Use: Potion            |       |       |     4 ||     4
 Armour: Scale mail        |    80 |    41 |    71 ||   192
  Dodge: Dodged            |    48 |    64 |    80 ||   192
  Block: Buckler           |    19 |    14 |    20 ||    53

Table legend: (Time is in decaauts)
 A = Elapsed time spent in this place.
 B = Non-inter-level travel time spent in this place.
 C = Inter-level travel time spent in this place.
 D = Time resting spent in this place.
 E = Time spent auto-exploring this place.
 F = Levels seen in this place.
 G = Mean time per level.
                   A        B        C        D        E       F      G
               +--------+--------+--------+--------+--------+-----+--------+
         Total |   4038 |   3942 |     96 |    524 |   2638 |   7 |  576.9 |
       Dungeon |   4001 |   3921 |     80 |    524 |   2638 |   6 |  666.8 |
        Temple |     37 |     21 |     16 |      0 |      0 |   1 |   37.0 |
               +--------+--------+--------+--------+--------+-----+--------+

Top non-repeatable levels by time:
     D:1: 852 daAuts
     D:5: 824 daAuts
     D:4: 768 daAuts
     D:2: 705 daAuts
     D:3: 464 daAuts
     D:6: 385 daAuts
  Temple: 37 daAuts
